 Dungeon Crawl Stone Soup version 0.25-a0-265-g7af84ae (webtiles) character file.

Game seed: 4755154402138356277, levelgen mode: deterministic

18 Metalrift the Firebug (level 2, -2/20 HPs)
             Began as a Human Fire Elementalist on Dec 8, 2019.
             Slain by a shadow imp (5 damage)
             ... summoned by Natasha
             ... on level 2 of the Dungeon.
             The game lasted 00:06:44 (1556 turns).

Metalrift the Firebug (Human Fire Elementalist)     Turns: 1556, Time: 00:06:46

Health: -2/20      AC:  3    Str:  8    XL:     2   Next: 90%
Magic:  1/5        EV: 12    Int: 15    God:
Gold:   86         SH:  0    Dex: 13    Spells: 4/5 levels left

rFire    . . .     SeeInvis .   g - +0 short sword
rCold    . . .     Gourm    .   (no shield)
rNeg     . . .     Faith    .   f - +0 leather armour
rPois    .         Spirit   .   (no helmet)
rElec    .         Reflect  .   (no cloak)
rCorr    .         Harm     .   (no gloves)
MR       +....                  (no boots)
Stlth    ++........             (no amulet)
HPRegen  0.06/turn              j - ring of protection from magic
MPRegen  0.09/turn              (no ring)

@: no status effects
A: no striking features
a: no special abilities


You were on level 2 of the Dungeon.
You were not hungry.

You visited 1 branch of the dungeon, and saw 2 of its levels.

You collected 86 gold pieces.

Inventory:

Hand Weapons
 e - a +0 dagger
 g - a +0 short sword (weapon)
Missiles
 d - 15 poisoned darts (quivered)
Armour
 a - a +0 robe
 f - a +0 leather armour (worn)
 k - a +0 scale mail
Jewellery
 b - an uncursed ring of ice
 j - a ring of protection from magic (left hand)
Scrolls
 h - 2 scrolls of teleportation {unknown}
 i - a scroll of blinking {unknown}
 l - a scroll of magic mapping {unknown}
Comestibles
 c - a ration


   Skills:
 + Level 0.7 Fighting
 - Level 2.0 Dodging
 + Level 2.3 Stealth
 - Level 2.0 Spellcasting
 * Level 1.7 Conjurations
 + Level 3.1 Fire Magic


You had 4 spell levels left.
You knew the following spells:

 Your Spells              Type           Power        Failure   Level  Hunger
a - Foxfire               Conj/Fire      #...         12%         1    #......

Your spell library contained the following spells:

 Spells                   Type           Power        Failure   Level  Hunger
 Conjure Flame            Conj/Fire      #.......     34%         3    ###....
 Inner Flame              Hex/Fire       #.......     45%         3    ###....
 Sticky Flame             Conj/Fire      #.......     75%         4    #####..
 Fireball                 Conj/Fire      #.........   97%         5    ######.


Dungeon Overview and Level Annotations

Branches:
Dungeon (2/15)

Altars:

Annotations:
D:2 Natasha


Message History

The shadow imp hits you but does no damage.
Throwing (i - inventory)
d - 17 poisoned darts (quivered)
Press: ? - help, Shift-Dir - straight line, f/p - Natasha
Aim: Natasha (moderately wounded)
You throw a poisoned dart.
The poisoned dart closely misses Natasha.
Natasha claws you.
* * * LOW HITPOINT WARNING * * *
The shadow imp completely misses you. The worm bites you.
* * * LOW HITPOINT WARNING * * *
Throwing (i - inventory)
d - 16 poisoned darts (quivered)
Press: ? - help, Shift-Dir - straight line, f/p - Natasha
Aim: Natasha (moderately wounded)
You throw a poisoned dart. The poisoned dart hits Natasha.
Natasha is poisoned.
Natasha is moderately wounded.
Natasha mumbles some strange words.
Natasha's front paws start to glow.
Natasha casts a spell.
The shadow imp hits you.
You die...

######### #.......#
######### #.#####.#
#(..h@w.####.#####.#
#.5.5##.........##.#
#.##.##...##.##.##.#
#.
#....†..#......w###
>.
####...#####.#[..>.
#.. .§..## #.#..)..
#.. ###### #...<...
h.. ###(.... #.....


You could see a worm, Natasha, a crimson imp and a shadow imp.

Vanquished Creatures
  A dart slug (D:1)
  3 bats
  2 giant cockroaches (D:1)
  2 goblins
  A hobgoblin (D:1)
  A frilled lizard (D:1)
  3 kobolds
  3 rats (D:1)
16 creatures vanquished.

Vanquished Creatures (others)
  52 foxfires
52 creatures vanquished.

Grand Total: 68 creatures vanquished

Notes
Turn   | Place    | Note
-------+----------+-------------------------------------------
     0 | D:1      | Metalrift the Human Fire Elementalist began the quest for
                  | the Orb.
     0 | D:1      | Reached XP level 1. HP: 13/13 MP: 3/3
   517 | D:1      | Reached XP level 2. HP: 4/20 MP: 1/5
  1543 | D:2      | Noticed Natasha
  1556 | D:2      | Slain by a shadow imp

Levels and vault maps discovered:
D:1:      saegor_arrival_simple_c, layout_basic, serial_corexii_hall,
          chequers_hall_statues_wall_a, chequers_hall_statues_y
D:2:      layout_loops_cross, old_standard_altar, lemuel_crystal_altar,
          chequers_ecumenical_altar_simple_redux, uniq_natasha

Action                   || total
-------------------------++-------
Melee: Dagger            ||    17
       Unarmed           ||     3
       Short sword       ||     1
Throw: Dart              ||     9
 Cast: Foxfire           ||    33
  Eat: Ration            ||     1
Armor: Robe              ||    11
       Leather armour    ||     3
Dodge: Dodged            ||    30

Table legend:
 A = Non-vault XP
 B = Vault XP
 C = Vault XP percentage of total XP
 D = Non-vault monster count
 E = Vault monster count
 F = Vault count percentage of total count
                 A         B        C        D         E       F
            +---------+---------+-------+---------+---------+-------
      Total |      27 |       0 |   0.0 |      16 |       0 |   0.0
            +---------+---------+-------+---------+---------+-------
        D:1 |      22 |       0 |   0.0 |      13 |       0 |   0.0
        D:2 |       5 |       0 |   0.0 |       3 |       0 |   0.0
            +---------+---------+-------+---------+---------+-------
